 Dungeon Crawl Stone Soup version 0.27.1-1-g398f81649c (webtiles) character file.

Game seed: 11162335651241732742

141 Descartes the Stinger (level 5, 0/28 HPs)
             Began as a Deep Elf Venom Mage on Sept 20, 2021.
             Slain by a phantom (8 damage)
             ... on level 2 of the Dungeon.
             The game lasted 00:08:49 (3553 turns).

Descartes the Stinger (Deep Elf Venom Mage)         Turns: 3553, Time: 00:08:49

Health: 0/28       AC:  3    Str:  5    XL:     5   Next: 3%
Magic:  11/11      EV: 12    Int: 21    God:
Gold:   75         SH:  0    Dex: 15    Spells: 5/10 levels left

rFire    + . .     SeeInvis .   p - +3 trident
rCold    + . .     Faith    .   (no shield)
rNeg     . . .     Spirit   .   a - +0 robe
rPois    +         Reflect  .   q - +0 helmet
rElec    +         Harm     .   (no cloak)
rCorr    +         Rampage  .   (no gloves)
Will     .....                  (no boots)
Stlth    ++........             (no amulet)
HPRegen  0.09/turn              (no ring)
MPRegen  0.12/turn              (no ring)

@: mighty, brilliant, resistant
A: no striking features
a: no special abilities


You were on level 2 of the Dungeon.
You visited 1 branch of the dungeon, and saw 3 of its levels.

You collected 75 gold pieces.

Inventory:

Hand Weapons
 l - a +0 hunting sling
 p - a +3 trident (weapon)
Missiles
 e - 39 arrows
 o - 5 stones
Armour
 a - a +0 robe (worn)
 q - a +0 helmet (worn)
Scrolls
 b - a scroll of summoning {unknown}
 c - 2 scrolls of fog {unknown}
 d - a scroll of amnesia {unknown}
 g - a scroll of enchant armour {unknown}
 i - a scroll of identify {unknown}
 k - 3 scrolls of teleportation
 n - a scroll of silence {unknown}
Potions
 m - a potion of might


   Skills:
 - Level 2.4 Dodging
 - Level 2.4 Stealth
 - Level 3.0 Spellcasting
 - Level 1.1 Transmutations
 + Level 6.3 Poison Magic


You had 5 spell levels left.
You knew the following spells:

 Your Spells              Type           Power      Damage    Failure   Level
a - Sting                 Tmut/Pois      100%       1d8       3%          1
b - Olgreb's Toxic Radia  Pois           44%        N/A       10%         4

Your spell library contained the following spells:

 Spells                   Type           Power      Damage    Failure   Level
 Poisonous Vapours        Pois/Air       48%        N/A       5%          2
 Summon Small Mammal      Summ           16%        N/A       13%         1
 Mephitic Cloud           Conj/Pois/Air  18%        N/A       17%         3
 Call Canine Familiar     Summ           4%         N/A       36%         3
 Summon Guardian Golem    Hex/Summ       4%         N/A       36%         3


Dungeon Overview and Level Annotations

Branches:
Dungeon (3/15)

Altars:

Shops:
D:1 [


Message History

You can't see any susceptible monsters within range! (Use Z to cast anyway.) Magic restored.
A phantom is nearby!
You reach to attack!
You closely miss the phantom. The phantom barely misses you.
There is a stone staircase leading up here.
The phantom hits you!
You climb upwards.
There is a stone staircase leading down here.
Casting: Sting (safe; 3% risk of failure)
Confirm with . or Enter, or press ? or * to list all spells.
Okay, then.
You closely miss the phantom. The phantom hits you.
You hit the phantom.
The phantom is lightly damaged.
The phantom completely misses you.
You closely miss the phantom.
The phantom is lightly damaged.
The phantom hits you.
The phantom blinks!
You blink.
The phantom hits you!
* * * LOW HITPOINT WARNING * * *
The phantom blinks!
You blink.
It was a potion of curing.
You feel better. The phantom hits you.
It was a potion of might.
You feel very mighty all of a sudden. The phantom hits you.
The phantom blinks!
You blink.
You closely miss the phantom.
The phantom is lightly damaged.
The phantom barely misses you. The phantom hits you.
* * * LOW HITPOINT WARNING * * *
You feel better.
The phantom hits you but does no damage.
It was a potion of resistance.
You feel protected. The phantom hits you.
* * * LOW HITPOINT WARNING * * *
It was a potion of brilliance.
You feel clever all of a sudden. The phantom hits you!
You die...

####################
#..........#.......#
'..........#.......#
#..^.......#.......#
#..........#.......#########
##...).#####...............#
##.###)# #....@..........#
##)# #)# #.....W.........#
...# #<# #...............#
.#.####### #######.........#
.#.......# #....<#'#'#####
.#######.#####.....#.#.#
..................)..>.#
#.###.##.########..#...#
...................##..#


You could see a phantom.

Vanquished Creatures
  Robin (D:2)
  4 gnolls
  3 adders
  A dart slug (D:1)
  A bat (D:1)
  5 endoplasms
  8 hobgoblins
  4 jackals (D:1)
  3 kobolds (D:2)
  3 quokkas
  5 ball pythons
  3 frilled lizards (D:1)
  15 goblins
  7 rats
63 creatures vanquished.

Vanquished Creatures (others)
  2 plants (D:2)
2 creatures vanquished.

Grand Total: 65 creatures vanquished

Notes
Turn   | Place    | Note
-------+----------+-------------------------------------------
     0 | D:1      | Descartes the Deep Elf Venom Mage began the quest for the
                  | Orb.
     0 | D:1      | Reached XP level 1. HP: 10/10 MP: 6/6
   313 | D:1      | Found Tusumn's Antique Armour Shop.
   426 | D:1      | Reached XP level 2. HP: 13/15 MP: 6/8
   430 | D:1      | Reached skill level 4 in Poison Magic
   925 | D:1      | Reached XP level 3. HP: 19/19 MP: 2/9
  1548 | D:2      | Reached skill level 5 in Poison Magic
  1714 | D:2      | Noticed Robin
  1722 | D:2      | Killed Robin
  1735 | D:1      | Reached XP level 4. HP: 7/24 MP: 7/10
  2504 | D:2      | Found a faded altar of an unknown god.
  2758 | D:2      | Reached skill level 6 in Poison Magic
  3368 | D:3      | Reached XP level 5. HP: 28/28 MP: 7/11
  3401 | D:3      | Noticed a phantom
  3413 | D:2      | Learned a level 4 spell: Olgreb's Toxic Radiance
  3553 | D:2      | Slain by a phantom

Illustrated notes

Levels and vault maps discovered:
D:1:      amcnicky_arrival_double_pillar, layout_basic, serial_shops,
          shop_fountains, hangedman_glass_teeth, hex_intersection
D:2:      layout_basic, chequers_ecumenical_altar_lobes, uniq_robin
D:3:      layout_rooms, serial_glass, glass_columns_a, glass_columns_b,
          glass_columns_a, glass_columns_a, glass_columns_a, glass_columns_c,
          glass_columns_b, glass_columns_a, glass_columns_a, glass_columns_b,
          glass_columns_b, glass_columns_a, glass_columns_c, glass_columns_b,
          serial_park_tiny_2, serial_park_tiny_pond

Skill      XL: |  1  2  3  4 |
---------------+-------------+-----
Poison Magic   | 4 5 6 |  6.3
Dodging        | |  2.4
Stealth        | |  2.4
Spellcasting   | |  3.0
Transmutations | |  1.1

Action                   |  1- 3 |  4- 6 || total
-------------------------+-------+-------++-------
Melee: Trident           |       |     5 ||     5
 Cast: Sting             |    72 |    53 ||   125
  Use: Potion            |       |     5 ||     5
       Scroll            |       |     1 ||     1
Armor: Robe              |     2 |     4 ||     6
Dodge: Dodged            |    16 |    16 ||    32
